 Dungeon Crawl Stone Soup version 0.21.1-1-g345015f (webtiles) character file.

14647 Fortress the Blocker (level 12, 0/96 HPs)
             Began as a Gnoll Fighter on June 23, 2018.
             Was a Priest of Fedhas.
             Slain by an ettin
             ... wielding a +0 dire flail
              (37 damage)
             ... on level 1 of the Orcish Mines on June 24, 2018.
             The game lasted 02:25:49 (15918 turns).

Fortress the Blocker (Gnoll Fighter)               Turns: 15918, Time: 02:25:50

Health: 0/96       AC: 14    Str: 24    XL:     12   Next: 18%
Magic:  0/22       EV: 11    Int: 11    God:    Fedhas [***...]
Gold:   1297       SH: 13    Dex: 14    Spells: 24/24 levels left

rFire    + + .     SeeInvis .   W - +4 long sword (holy)
rCold    . . .     Gourm    .   c - +1 shield
rNeg     + . .     Faith    .   u - +0 chain mail {rF+}
rPois    .         Spirit   +   (no helmet)
rElec    .         Reflect  .   G - +0 cloak
rCorr    .         Harm     .   a - +0 pair of gloves
MR       .....                  (no boots)
Stlth    ..........             L - amulet of guardian spirit
HPRegen  0.26/turn              p - ring of positive energy
MPRegen  0.18/turn              K - ring of protection from fire

@: no status effects
A: distributed training, fangs 1, strong nose
a: Fungal Bloom, Evolution, Sunlight, Growth, Renounce Religion


You were on level 1 of the Orcish Mines.
You worshipped Fedhas.
Fedhas was most pleased with you.
You were not hungry.

You visited 3 branches of the dungeon, and saw 14 of its levels.
You also visited: Sewer.

You collected 1297 gold pieces.

Inventory:

Hand Weapons
 w - a +0 blowgun
 B - a +3 rapier of protection
 U - a +3 mace of protection
 W - a +4 long sword of holy wrath (weapon)
Missiles
 x - 37 poisoned needles
 N - 7 tomahawks of dispersal (quivered)
 V - 3 curare-tipped needles
Armour
 a - a +0 pair of gloves (worn)
 c - a +1 shield (worn)
 u - a +0 chain mail of fire resistance (worn)
 G - a +0 cloak (worn)
 Y - a +0 troll leather armour
Jewellery
 b - an uncursed ring of ice
 p - a ring of positive energy (left hand)
 F - an uncursed ring of stealth
 K - a ring of protection from fire (right hand)
 L - an amulet of guardian spirit (around neck)
 X - an uncursed ring of stealth
Wands
 j - a wand of polymorph (4)
 k - a wand of digging (6)
 m - a wand of clouds (6)
 M - a wand of enslavement (15)
 O - a wand of iceblast (7)
 P - a wand of flame (18)
Scrolls
 e - 6 scrolls of teleportation
 h - 2 scrolls of enchant armour
 o - 8 scrolls of remove curse
 q - 3 scrolls of enchant weapon
 r - 2 scrolls of identify
 t - 4 scrolls of magic mapping
 y - a scroll of fog
 D - 5 scrolls of fear
 E - a scroll of noise {unknown}
 H - a scroll of immolation {unknown}
 Q - a scroll of amnesia {unknown}
 R - a scroll of vulnerability {unknown}
Potions
 d - 7 potions of might
 g - 3 potions of haste
 i - 2 potions of heal wounds
 l - 3 potions of brilliance
 n - a potion of invisibility
 s - 7 potions of flight
 v - a potion of ambrosia
 z - 2 potions of curing
 A - a potion of mutation
 C - a potion of lignification {unknown}
 I - a potion of berserk rage {unknown}
 T - a potion of degeneration {unknown}
Books
 J - a book of Changes

   Spells                             Type                      Level
   a - Beastly Appendage              Transmutation                1
   b - Sticks to Snakes               Transmutation                2
   c - Spider Form                    Transmutation/Poison         3
   d - Ice Form                       Ice/Transmutation            4
   e - Blade Hands                    Transmutation                5
 S - a book of Geomancy

   Spells                             Type                      Level
   a - Sandblast                      Earth                        1
   b - Passwall                       Transmutation/Earth          2
   c - Stone Arrow                    Conjuration/Earth            3
   d - Petrify                        Transmutation/Earth          4
   e - Lee's Rapid Deconstruction     Earth                        5
Comestibles
 f - 7 rations


   Skills:
 + Level 9.6 Fighting
 + Level 6.9 Short Blades
 + Level 6.9 Long Blades
 + Level 8.4 Axes
 + Level 6.9 Maces & Flails
 + Level 6.9 Polearms
 + Level 6.9 Staves
 + Level 6.9 Slings
 + Level 6.9 Bows
 + Level 6.9 Crossbows
 + Level 6.9 Throwing
 + Level 9.6 Armour
 + Level 6.9 Dodging
 + Level 6.9 Stealth
 + Level 9.6 Shields
 + Level 6.9 Unarmed Combat
 + Level 6.9 Spellcasting
 + Level 5.7 Conjurations
 + Level 5.7 Hexes
 + Level 5.7 Charms
 + Level 5.7 Summonings
 + Level 5.7 Necromancy
 + Level 5.7 Translocations
 + Level 5.7 Transmutations
 + Level 5.7 Fire Magic
 + Level 5.7 Ice Magic
 + Level 5.7 Air Magic
 + Level 5.7 Earth Magic
 + Level 5.7 Poison Magic
 + Level 7.6 Invocations
 + Level 6.9 Evocations


You had 24 spell levels left.
You didn't know any spells.

Dungeon Overview and Level Annotations

Branches:
Dungeon (11/15)            Temple (1/1) D:6            Lair (0/6) D:11
    Orc (2/2) D:11
    Elf: Orc:2

Altars:
Ashenzari
Cheibriados
Dithmenos
Elyvilon
Fedhas
Gozag
Hepliaklqana
Kikubaaqudgha
Makhleb
Nemelex Xobeh
Okawaru
Qazlal
Ru
Sif Muna
Trog
Uskayaw
Vehumet
Wu Jian
Xom
Yredelemnul
Zin
The Shining One

Shops:
D:4 %   D:8 ([

Annotations:
D:10 Erica
Orc:2 Mitcholas's ghost, journeyman GrBe


Innate Abilities, Weirdness & Mutations

Your experience applies equally to all skills.
You have very sharp teeth.
Your uncanny sense of smell can sniff out nearby items.


Message History

You swap places.
The ettin hits your wandering mushroom with a dire flail!!
The ettin hits your wandering mushroom with a dire flail.
Mitcholas's ghost hits your wandering mushroom!!
Your wandering mushroom is destroyed!
You feel a little guilty. The ettin misses you. You block the ettin's attack.
There is a stone staircase leading up here.
The ettin hits you with a dire flail!!! You block the ettin's attack.
You block Mitcholas's ghost's attack.
You climb upwards.
There is a stone staircase leading down here.
You hit the ettin. You bite the ettin.
The ettin is lightly wounded.
The ettin hits you with a dire flail!! You block the ettin's attack.
You slash the ettin! You bite the ettin, but do no damage.
The ettin is moderately wounded.
The ettin hits you with a dire flail!!!
You die...
Fedhas appreciates your contribution to the ecosystem.

### #...#......###...##
##.######.#......###.#.#.##
#...#.#....#..............#
##.#......##.............##
#..#.................#.### #####
........................####.#.##
#.....................)#..#.....#
##.............................##
###.............@C.........#.###
.##f#.#...#.................#.##
#fff.#.#......#........#.......#
f...#..............#...##..##.##
#[.................#..###.#####
[#[.##.##...##.#..#...##...#
..####.##...###....#.####.## .##
#......#.#......## ### ##
##...............#


You could see an ettin.

Vanquished Creatures
  Fannar (D:10)
  2 two-headed ogres (D:8)
  An unseen horror (D:10)
  Pikel (D:4)
  A deep elf mage (D:10)
  An orc sorcerer (Orc:2)
  An orc knight (Orc:1)
  An ugly thing (D:8)
  2 cyclopes (D:11)
  Joseph (D:8)
  Maurice (D:11)
  2 trolls
  A hippogriff (D:9)
  Grinder (D:5)
  2 wandering mushrooms
  Sigmund (D:2)
  A wyvern (D:8)
  5 yaks (D:11)
  A human (D:10)
  A warg (Orc:1)
  Duvessa (D:6)
  The ghost of rgaf the Slasher, an amateur TeGl (D:3)
  A water moccasin (D:11)
  An ice beast (D:5)
  A slave (D:4)
  6 orc warriors
  5 sky beasts
  9 ogres
  A phantom (D:7)
  2 centaurs
  2 wolves (D:8)
  2 big kobolds
  6 bullfrogs
  Dowan (D:6)
  A water moccasin skeleton (D:10)
  2 scorpions (D:10)
  3 killer bees (D:10)
  3 wights (D:11)
  3 crimson imps
  A bullfrog zombie (D:4)
  5 howler monkeys
  6 orc priests
  2 hounds
  4 bullfrog skeletons
  4 centaur skeletons
  8 orc wizards
  3 iguanas
  Terence (D:2)
  3 human skeletons (D:11)
  Natasha (D:3)
  8 worker ants
  A hound zombie (D:5)
  A hound skeleton (D:8)
  A mummy (D:11)
  5 gnolls
  2 howler monkey skeletons
  10 adders
  4 river rats (Sewer)
  2 shadow imps
  2 oozes
  2 adder skeletons
  2 worms
  3 dart slugs
  5 leopard geckos
  33 orcs
  4 giant cockroaches
  4 hobgoblins
  14 jackals
  2 quokkas
  9 ball pythons
  9 bats
  8 frilled lizards
  10 goblins
  25 kobolds
  A leopard gecko skeleton (D:4)
  An orc skeleton (D:11)
  A quokka zombie (D:7)
  24 rats
310 creatures vanquished.

Vanquished Creatures (collateral kills)
  A two-headed ogre (D:8)
  A wraith (D:11)
  A wyvern (D:10)
  Grum (D:8)
  A hungry ghost (D:9)
  3 wargs
  2 ice beasts
  4 orc warriors
  3 ogres
  2 sky beasts
  A wolf (D:8)
  3 big kobolds
  A bullfrog (D:8)
  An elf skeleton (D:11)
  A scorpion (D:10)
  A wight (D:11)
  A killer bee (D:10)
  A troll skeleton (D:11)
  A howler monkey (D:9)
  A jelly (D:10)
  A crimson imp (D:8)
  2 orc priests
  2 bullfrog skeletons (D:10)
  An orc wizard (Orc:2)
  A centaur skeleton (D:7)
  3 human skeletons (D:11)
  5 worker ants
  A hound skeleton (D:10)
  A howler monkey skeleton (D:7)
  5 gnolls
  4 adders (Sewer)
  3 river rats (Sewer)
  2 shadow imps
  An ooze (Sewer)
  15 orcs
  5 kobolds
  A quokka (D:7)
  7 ball pythons (Sewer)
  A frilled lizard (Sewer)
  5 rats (Sewer)
97 creatures vanquished.

Vanquished Creatures (others)
  22 wandering mushrooms
  A slave (D:5)
  2 necrophages
  A crimson imp (D:5)
  A centaur zombie (D:5)
  An orc wizard (D:8)
  A hound zombie (D:5)
  An adder (D:10)
  A ball python (D:5)
  A plant (D:11)
  176 toadstools
208 creatures vanquished.

Grand Total: 615 creatures vanquished

Notes
Turn   | Place    | Note
-------+----------+-------------------------------------------
     0 | D:1      | Fortress the Gnoll Fighter began the quest for the Orb.
     0 | D:1      | Reached XP level 1. HP: 23/23 MP: 1/1
     3 | D:1      | Noticed an ogre
     6 | D:1      | Noticed a draconian
    10 | D:1      | Noticed an elf
    10 | D:1      | Noticed an octopode
    13 | D:1      | Noticed an ogre
    15 | D:1      | Noticed an octopode
    19 | D:1      | Noticed a vampire
   155 | D:1      | Reached XP level 2. HP: 29/29 MP: 2/2
   647 | D:2      | Noticed Terence
   661 | D:2      | Killed Terence
   661 | D:2      | Reached skill level 1 in Invocations
   661 | D:2      | Reached XP level 3. HP: 34/35 MP: 2/4
   718 | D:2      | Reached skill level 1 in Short Blades
   718 | D:2      | Reached skill level 1 in Long Blades
   718 | D:2      | Reached skill level 1 in Maces & Flails
   718 | D:2      | Reached skill level 1 in Polearms
   718 | D:2      | Reached skill level 1 in Staves
   718 | D:2      | Reached skill level 1 in Slings
   718 | D:2      | Reached skill level 1 in Bows
   718 | D:2      | Reached skill level 1 in Crossbows
   718 | D:2      | Reached skill level 1 in Throwing
   718 | D:2      | Reached skill level 1 in Dodging
   718 | D:2      | Reached skill level 1 in Stealth
   718 | D:2      | Reached skill level 1 in Unarmed Combat
   718 | D:2      | Reached skill level 1 in Spellcasting
   718 | D:2      | Reached skill level 1 in Evocations
   773 | D:2      | Reached XP level 4. HP: 41/41 MP: 5/5
   799 | D:2      | Noticed Sigmund
   823 | D:2      | HP: 2/41 [something (10)]
  1443 | D:2      | Killed Sigmund
  1443 | D:2      | Reached skill level 1 in Conjurations
  1443 | D:2      | Reached skill level 1 in Hexes
  1443 | D:2      | Reached skill level 1 in Charms
  1443 | D:2      | Reached skill level 1 in Summonings
  1443 | D:2      | Reached skill level 1 in Necromancy
  1443 | D:2      | Reached skill level 1 in Translocations
  1443 | D:2      | Reached skill level 1 in Transmutations
  1443 | D:2      | Reached skill level 1 in Fire Magic
  1443 | D:2      | Reached skill level 1 in Ice Magic
  1443 | D:2      | Reached skill level 1 in Air Magic
  1443 | D:2      | Reached skill level 1 in Earth Magic
  1443 | D:2      | Reached skill level 1 in Poison Magic
  1443 | D:2      | Reached XP level 5. HP: 29/47 MP: 5/7
  1443 | D:2      | Reached XP level 6. HP: 32/53 MP: 5/8
  1915 | D:3      | Found a shattered altar of Ashenzari.
  2195 | D:3      | Noticed rgaf's ghost (amateur TeGl)
  2221 | D:3      | Killed rgaf's ghost
  2221 | D:3      | Reached skill level 5 in Axes
  2538 | D:3      | Noticed Natasha
  2542 | D:3      | Killed Natasha
  2542 | D:3      | Reached XP level 7. HP: 48/59 MP: 10/10
  3396 | D:4      | Found Ymah Nic's Food Emporium.
  3433 | D:5      | Entered Level 5 of the Dungeon
  3453 | D:5      | Noticed Grinder
  3583 | D:5      | Noticed Pikel
  4215 | D:4      | Found a faded altar of an unknown god.
  4215 | D:4      | Found a faded altar of an unknown god.
  4223 | D:4      | Found a shadowy altar of Dithmenos.
  4226 | D:4      | Found a glowing silver altar of Zin.
  4228 | D:4      | Found a blossoming altar of Fedhas.
  4282 | D:4      | Became a worshipper of Fedhas Madash
  4343 | D:4      | Killed Pikel
  4343 | D:4      | Reached XP level 8. HP: 60/67 MP: 12/12
  4576 | D:6      | Found a hazy altar of Hepliaklqana.
  4603 | D:6      | Found a staircase to the Ecumenical Temple.
  4732 | D:6      | Noticed Duvessa
  4748 | D:6      | Killed Duvessa
  4752 | D:6      | Reached XP level 9. HP: 68/72 MP: 14/14
  4755 | D:6      | Noticed Dowan
  4766 | D:6      | Killed Dowan
  4778 | D:6      | Found a glowing drain.
  4796 | Sewer    | Entered a sewer
  4932 | Sewer    | Reached * piety under Fedhas
  5449 | D:6      | Found a burning altar of Makhleb.
  5631 | D:5      | Paralysed by Grinder for 4 turns
  5663 | D:5      | Killed Grinder
  6397 | Temple   | Entered the Ecumenical Temple
  6678 | D:7      | Reached ** piety under Fedhas
  7145 | D:7      | Reached skill level 5 in Invocations
  7189 | D:7      | Found an opulent altar of Gozag.
  7664 | D:8      | Noticed a two-headed ogre
  7673 | D:8      | Killed a two-headed ogre
  7673 | D:8      | Reached XP level 10. HP: 41/80 MP: 14/17
  7960 | D:8      | Found Casy's Antique Weapon Emporium.
  7983 | D:8      | Noticed a white ugly thing
  7990 | D:8      | Killed a white ugly thing
  7990 | D:8      | Reached skill level 5 in Short Blades
  7990 | D:8      | Reached skill level 5 in Long Blades
  7990 | D:8      | Reached skill level 5 in Maces & Flails
  7990 | D:8      | Reached skill level 5 in Polearms
  7990 | D:8      | Reached skill level 5 in Staves
  7990 | D:8      | Reached skill level 5 in Slings
  7990 | D:8      | Reached skill level 5 in Bows
  7990 | D:8      | Reached skill level 5 in Crossbows
  7990 | D:8      | Reached skill level 5 in Throwing
  7990 | D:8      | Reached skill level 5 in Dodging
  7990 | D:8      | Reached skill level 5 in Stealth
  7990 | D:8      | Reached skill level 5 in Unarmed Combat
  7990 | D:8      | Reached skill level 5 in Spellcasting
  7990 | D:8      | Reached skill level 5 in Evocations
  8080 | D:8      | Noticed a two-headed ogre
  8091 | D:8      | Noticed a two-headed ogre
  8093 | D:8      | Killed a two-headed ogre
  8119 | D:8      | Killed a two-headed ogre
  8392 | D:8      | Found Pongo's Armour Boutique.
  8476 | D:8      | Noticed Joseph
  8522 | D:8      | Killed Joseph
  8611 | D:8      | Found a snail-covered altar of Cheibriados.
  8926 | D:9      | Noticed Grum
  8969 | D:8      | Killed Grum
  9207 | D:9      | Reached XP level 11. HP: 68/87 MP: 13/19
 10359 | D:10     | Entered Level 10 of the Dungeon
 10409 | D:10     | Noticed Fannar
 11006 | D:10     | Killed Fannar
 11083 | D:10     | Noticed Erica
 11433 | D:10     | Reached skill level 5 in Conjurations
 11433 | D:10     | Reached skill level 5 in Hexes
 11433 | D:10     | Reached skill level 5 in Charms
 11433 | D:10     | Reached skill level 5 in Summonings
 11433 | D:10     | Reached skill level 5 in Necromancy
 11433 | D:10     | Reached skill level 5 in Translocations
 11433 | D:10     | Reached skill level 5 in Transmutations
 11433 | D:10     | Reached skill level 5 in Fire Magic
 11433 | D:10     | Reached skill level 5 in Ice Magic
 11433 | D:10     | Reached skill level 5 in Air Magic
 11433 | D:10     | Reached skill level 5 in Earth Magic
 11433 | D:10     | Reached skill level 5 in Poison Magic
 11789 | D:10     | Noticed a deep elf mage
 11816 | D:10     | Killed a deep elf mage
 12369 | D:10     | Killed an unseen horror
 12619 | D:11     | Noticed a cyclops
 12636 | D:11     | Killed a cyclops
 12662 | D:11     | Found a staircase to the Orcish Mines.
 13036 | D:11     | Noticed a cyclops
 13048 | D:11     | Killed a cyclops
 13290 | D:11     | Found a staircase to the Lair.
 13292 | D:11     | Noticed Maurice
 13375 | D:11     | Killed Maurice
 13833 | D:11     | Reached *** piety under Fedhas
 13840 | D:11     | Found an ancient bone altar of Kikubaaqudgha.
 14100 | Orc:1    | Entered Level 1 of the Orcish Mines
 14248 | Orc:1    | Reached XP level 12. HP: 30/96 MP: 8/22
 15329 | Orc:2    | Entered Level 2 of the Orcish Mines
 15395 | Orc:2    | Found a radiant altar of Vehumet.
 15902 | Orc:2    | Noticed Mitcholas's ghost (journeyman GrBe)
 15903 | Orc:2    | Noticed an ettin
 15918 | Orc:1    | Slain by an ettin

Skill      XL: |  1  2  3  4  5  6  7  8  9 10 11 |
---------------+----------------------------------+-----
Invocations    | 1 2 3 4 5 6 7 |  7.6
Short Blades   | 1 2 3 4 5 6 |  6.9
Long Blades    | 1 2 3 4 5 6 |  6.9
Maces & Flails | 1 2 3 4 5 6 |  6.9
Polearms       | 1 2 3 4 5 6 |  6.9
Staves         | 1 2 3 4 5 6 |  6.9
Slings         | 1 2 3 4 5 6 |  6.9
Bows           | 1 2 3 4 5 6 |  6.9
Crossbows      | 1 2 3 4 5 6 |  6.9
Throwing       | 1 2 3 4 5 6 |  6.9
Dodging        | 1 2 3 4 5 6 |  6.9
Stealth        | 1 2 3 4 5 6 |  6.9
Unarmed Combat | 1 2 3 4 5 6 |  6.9
Spellcasting   | 1 2 3 4 5 6 |  6.9
Evocations     | 1 2 3 4 5 6 |  6.9
Conjurations   | 1 2 3 4 5 |  5.7
Hexes          | 1 2 3 4 5 |  5.7
Charms         | 1 2 3 4 5 |  5.7
Summonings     | 1 2 3 4 5 |  5.7
Necromancy     | 1 2 3 4 5 |  5.7
Translocations | 1 2 3 4 5 |  5.7
Transmutations | 1 2 3 4 5 |  5.7
Fire Magic     | 1 2 3 4 5 |  5.7
Ice Magic      | 1 2 3 4 5 |  5.7
Air Magic      | 1 2 3 4 5 |  5.7
Earth Magic    | 1 2 3 4 5 |  5.7
Poison Magic   | 1 2 3 4 5 |  5.7
Axes           | 5 6 7 8 |  8.4
Fighting       | 7 8 9 |  9.6
Armour         | 7 8 9 |  9.6
Shields        | 7 8 9 |  9.6

Action                   |  1- 3 |  4- 6 |  7- 9 | 10-12 || total
-------------------------+-------+-------+-------+-------++-------
Melee: War axe           |    66 |       |       |       ||    66
       Bite              |     9 |    12 |    65 |   110 ||   196
       Falchion          |    14 |   106 |    96 |       ||   216
       Dagger            |       |    10 |       |       ||    10
       Rapier            |       |       |   465 |   424 ||   889
       Long sword        |       |       |       |   217 ||   217
Invok: Fungal Bloom      |       |       |    26 |    47 ||    73
       Evolution         |       |       |    10 |    23 ||    33
  Use: Scroll            |       |     1 |     3 |    15 ||    19
       Potion            |       |     1 |     1 |     5 ||     7
 Stab: Confused          |       |       |     1 |     3 ||     4
       Distracted        |       |       |       |     4 ||     4
  Eat: Ration            |       |     2 |     5 |     7 ||    14
       Chunk             |       |       |     1 |     3 ||     4
Armor: Scale mail        |    35 |    39 |    87 |       ||   161
       Chain mail        |       |       |   191 |   264 ||   455
Dodge: Dodged            |    31 |    42 |   183 |   201 ||   457
Block: Shield            |    51 |    75 |   380 |   363 ||   869
       Rpst.: Falchion   |     1 |    11 |    13 |       ||    25
       Long sword        |       |       |       |    17 ||    17
